Lightning vs Jets

Created - January-04-15 at 12:18

Goals
1 2 3 T
Lightning 1 0 1 2
Jets 0 0 3 3
Shots
1 2 3 T
Lightning 8 11 16 35
Jets 9 14 18 41

1st period

1. Lightning , Andrej Sekera 13 (Brent Seabrook, Henrik Sedin) at 11:50 (PP)

Penalties :
Troy Brouwer (WPG) for Holding (Minor) at 10:49, Connor Murphy (WPG) for Holding (Minor) at 14:40, Corey Perry (WPG) for Roughing (Minor) at 19:55

2nd period

No Goal

Penalties :
Maxime Talbot (TBL) for Hooking (Minor) at 10:37, Brent Seabrook (TBL) for Holding (Minor) at 15:39

3rd period

2. Lightning , Brent Seabrook 9 (Henrik Sedin, Andrej Sekera) at 4:45 (PP)
3. Jets , Joe Pavelski 27 (Corey Perry, Nicklas Grossmann) at 8:12
4. Jets , Matt Read 8 (Pascal Dupuis, Nicklas Grossmann) at 10:22
5. Jets , Joe Pavelski 28 (Corey Perry, Kimmo Timonen) at 15:38 (PP)

Penalties :
Kimmo Timonen (WPG) for Hooking (Minor) at 3:34, Erik Gudbranson (TBL) for Boarding (Minor) at 11:36, Troy Brouwer (WPG) for Hooking (Minor) at 13:24, Teddy Purcell (TBL) for Tripping (Minor) at 15:32, Anders Lee (WPG) for High sticking (Minor) at 16:16

Goalie Stats

Jaroslav Halak (TBL), 38 saves from 41 shots - (0.927), L, 15-12-0, 60:00 minutes
Cory Schneider (WPG), 33 saves from 35 shots - (0.943), W, 18-8-1, 60:00 minutes

Players Stats for Lightning

Player Name              G  A  P  +/- PIM S  H  SB GA TA FO     MP     PP MP  PK MP  
------------------------------------------------------------------------------------
Andrej Meszaros          0  0  0   0  0   3  0  2  0  0  0/0    19:29   4:05   3:18 
Andrej Sekera            1  1  2  -2  0   6  1  4  0  0  0/0    25:06   5:52   3:36 
Brent Seabrook           1  1  2  -2  2   4  4  0  0  0  0/0    23:28   5:52   1:57 
Cam Atkinson             0  0  0   0  0   2  1  0  0  0  1/3    20:19   4:10   2:10 
Curtis Glencross         0  0  0  -1  0   1  3  0  0  0  2/3    21:32   4:51   1:08 
David Schlemko           0  0  0   0  0   0  0  0  0  0  0/0    13:38   0:00   0:05 
Eric Fehr                0  0  0  -1  0   2  0  0  0  0  0/0     4:21   0:00   0:00 
Erik Gudbranson          0  0  0   0  2   2  2  2  0  0  0/0    20:51   4:05   1:49 
Henrik Sedin             0  2  2  -1  0   3  0  0  0  0  15/33  20:50   5:06   0:11 
Jason Chimera            0  0  0   0  0   2  3  0  0  0  1/1    18:55   4:20   0:44 
Luca Sbisa               0  0  0   0  0   0  0  1  0  0  0/0     2:54   0:00   0:00 
Maxim Lapierre           0  0  0  -1  0   0  1  0  0  0  2/8     4:52   0:31   0:00 
Maxime Talbot            0  0  0  -1  2   2  2  0  0  0  0/1    17:16   0:31   2:07 
Patrick Kane             0  0  0  -1  0   3  0  0  0  0  3/5    20:50   5:06   0:00 
Scott Hannan             0  0  0   0  0   0  0  1  0  0  0/0    14:32   0:00   0:59 
Teddy Purcell            0  0  0   0  2   0  0  0  0  0  0/0    10:14   0:00   0:00 
Tomas Plekanec           0  0  0   0  0   5  0  0  0  0  22/34  22:51   4:20   4:40 
Travis Zajac             0  0  0   0  0   0  0  0  0  0  4/7    11:55   0:56   0:44 

Players Stats for Jets

Player Name              G  A  P  +/- PIM S  H  SB GA TA FO     MP     PP MP  PK MP  
------------------------------------------------------------------------------------
Anders Lee               0  0  0   1  2   2  4  0  0  0  0/1    20:46   3:29   0:17 
Andre Benoit             0  0  0   0  0   1  2  2  0  0  0/0    19:40   2:21   1:18 
Boyd Gordon              0  0  0   1  0   0  0  0  0  0  11/20  11:13   0:00   7:12 
Christian Ehrhoff        0  0  0   0  0   2  1  1  0  0  0/0    18:46   2:21   0:20 
Connor Murphy            0  0  0   0  2   4  6  2  0  0  0/0    22:54   3:31   3:31 
Corey Perry              0  2  2   1  2   4  3  0  0  0  2/2    20:40   3:29   0:00 
Jamie Benn               0  0  0   0  0   8  0  0  0  0  10/24  19:40   2:23   3:10 
Jason Garrison           0  0  0   2  0   0  0  1  0  0  0/0    12:13   0:00   0:00 
Joe Pavelski             2  0  2   1  0   6  0  0  0  0  16/31  21:02   3:29   0:00 
Jonathan Ericsson        0  0  0   0  0   1  1  2  0  0  0/0    13:22   0:00   5:27 
Josh Bailey              0  0  0   0  0   0  2  0  0  0  0/1     8:30   0:00   0:00 
Kimmo Timonen            0  1  1   0  2   1  0  1  0  0  0/0    23:47   3:31   4:48 
Matt Moulson             0  0  0   0  0   5  0  0  0  0  0/2    16:32   2:23   0:02 
Matt Read                1  0  1   1  0   4  0  0  0  0  1/1    20:17   0:00   7:25 
Nick Bonino              0  0  0   0  0   1  0  0  0  0  2/10    8:30   0:00   0:00 
Nicklas Grossmann        0  2  2   2  0   0  1  0  0  0  0/0     9:16   0:00   4:30 
Pascal Dupuis            0  1  1   1  0   0  0  0  0  0  1/1     6:10   0:00   1:48 
Troy Brouwer             0  0  0   0  4   2  0  0  0  0  2/2    16:28   2:22   0:00 

3 Stars

1 - Joe Pavelski (WPG)
2 - Nicklas Grossmann (WPG)
3 - Andrej Sekera (TBL)

Power Play

Lightning - 2 on 6 Attempt(s) - 33.33%
Jets - 1 on 4 Attempt(s) - 25.00%

Penalty Kill

Lightning - 3 on 4 Attempt(s) - 75.00% - Score 0 goal in Penalty Kill
Jets - 4 on 6 Attempt(s) - 66.67% - Score 0 goal in Penalty Kill

Team Stat

Lightning - Hits : 17 - Faceoff Wins : 50 - Blocked Shots : 10 - Penalty Minutes : 8
Jets - Hits : 20 - Faceoff Wins : 45 - Blocked Shots : 9 - Penalty Minutes : 12

Official

Referees : Brad Watson and Ghislain Hebert
Linesman : Ryan Galloway and Lonnie Cameron

Game Notes

No Game Note

Finance

Level 1 -- Attendance: 6000 (100.00%) -- Ticket Income $588,000
Level 2 -- Attendance: 4459 (89.18%) -- Ticket Income $343,343
Level 3 -- Attendance: 2200 (100.00%) -- Ticket Income $158,400
Level 4 -- Attendance: 1015 (100.00%) -- Ticket Income $66,990
Luxury Box -- Attendance: 739 (92.38%) -- Ticket Income $169,970
Game was played at the MTS Center'
Total Attendance: 14413 (95.99%)
Total Ticket Income: $1,326,703
Other Income: $199,005
Total Income: $1,525,708

% Time on Ice - Lightning

Lines # - Real PCT - Wanted PCT - Time Play
Normal Forward
1 - 35% - 40% - 15:33
2 - 31% - 30% - 13:51
3 - 23% - 20% - 10:15
4 - 10% - 10% - 4:21
Normal Defense
1 - 35% - 40% - 15:29
2 - 28% - 30% - 12:06
3 - 31% - 20% - 13:33
4 - 7% - 10% - 2:52
PP Forward
1 - 51% - 60% - 5:06
2 - 49% - 40% - 4:51
PP Defense
1 - 59% - 60% - 5:52
2 - 41% - 40% - 4:05
PK Forward
1 - 88% - 60% - 5:08
2 - 13% - 40% - 0:44
PK Defense
1 - 61% - 60% - 3:36
2 - 39% - 40% - 2:16
PK3 Forward
1 - 0% - 60%
2 - 0% - 40%
PK3 Defense
1 - 0% - 60%
2 - 0% - 40%
44 Forward
1 - 100% - 60% - 0:11
2 - 0% - 40% - 0:00
44 Defense
1 - 100% - 60% - 0:11
2 - 0% - 40% - 0:00
Last Minute Offensive  - 0:00
Last Minute Defensive  - 0:00
Total
Forward - 60:00
Defense - 60:00

% Time on Ice - Jets

Lines # - Real PCT - Wanted PCT - Time Play
Normal Forward
1 - 39% - 40% - 17:01
2 - 32% - 31% - 14:07
3 - 19% - 19% - 8:30
4 - 9% - 10% - 4:01
Normal Defense
1 - 35% - 43% - 15:25
2 - 37% - 34% - 16:01
3 - 18% - 13% - 7:48
4 - 10% - 10% - 4:25
PP Forward
1 - 59% - 70% - 3:29
2 - 41% - 30% - 2:23
PP Defense
1 - 60% - 70% - 3:31
2 - 40% - 30% - 2:21
PK Forward
1 - 100% - 75% - 9:57
2 - 0% - 25% - 0:00
PK Defense
1 - 55% - 60% - 5:27
2 - 45% - 40% - 4:30
PK3 Forward
1 - 0% - 70%
2 - 0% - 30%
PK3 Defense
1 - 0% - 60%
2 - 0% - 40%
44 Forward
1 - 100% - 60% - 0:11
2 - 0% - 40% - 0:00
44 Defense
1 - 64% - 51% - 0:07
2 - 36% - 49% - 0:04
Last Minute Offensive  - 0:00
Last Minute Defensive  - 0:21
Total
Forward - 60:00
Defense - 60:00

Play by Play

1st period


0:01 of 1st period - Joe Pavelski wins face-off versus Henrik Sedin in neutral zone.
0:16 of 1st period - Shot by Anders Lee.
0:16 of 1st period - Shot Misses the Net.
0:36 of 1st period - Icing by Connor Murphy.
0:37 of 1st period - Tomas Plekanec wins face-off versus Joe Pavelski in Jets zone.
1:33 of 1st period - Icing by Andrej Meszaros.
1:34 of 1st period - Tomas Plekanec wins face-off versus Nick Bonino in Lightning zone.
1:49 of 1st period - Scott Hannan is hit by Josh Bailey and loses puck.
1:58 of 1st period - Shot by Matt Read.
1:58 of 1st period - Stopped by Jaroslav Halak without a rebound.
1:59 of 1st period - Troy Brouwer wins face-off versus Henrik Sedin in Lightning zone.
2:00 of 1st period - Shot by Jamie Benn.
2:00 of 1st period - Stopped by Jaroslav Halak without a rebound.
2:01 of 1st period - Maxim Lapierre wins face-off versus Boyd Gordon in Lightning zone.
2:40 of 1st period - Icing by Matt Read.
2:41 of 1st period - Boyd Gordon wins face-off versus Henrik Sedin in Jets zone.
2:41 of 1st period - Boyd Gordon is hit by Curtis Glencross.
3:09 of 1st period - Shot by Patrick Kane.
3:09 of 1st period - Shot Blocked by Kimmo Timonen.
3:47 of 1st period - Shot by Tomas Plekanec.
3:47 of 1st period - Stopped by Cory Schneider with a rebound.
4:03 of 1st period - Shot by Jason Chimera.
4:03 of 1st period - Stopped by Cory Schneider with a rebound.
4:05 of 1st period - Shot by Tomas Plekanec.
4:05 of 1st period - Shot Misses the Net.
4:13 of 1st period - Shot by Tomas Plekanec.
4:13 of 1st period - Shot Misses the Net.
4:20 of 1st period - Icing by Kimmo Timonen.
4:21 of 1st period - Travis Zajac wins face-off versus Jamie Benn in Jets zone.
4:37 of 1st period - Travis Zajac is hit by Connor Murphy and loses puck.
4:45 of 1st period - Icing by Kimmo Timonen.
4:46 of 1st period - Henrik Sedin wins face-off versus Jamie Benn in Jets zone.
4:52 of 1st period - Henrik Sedin is hit by Connor Murphy and loses puck.
4:55 of 1st period - Shot by Curtis Glencross.
4:55 of 1st period - Shot Hit the Post.
4:57 of 1st period - Shot by David Schlemko.
4:57 of 1st period - Shot Misses the Net.
5:01 of 1st period - Shot by Henrik Sedin.
5:01 of 1st period - Stopped by Cory Schneider without a rebound.
5:02 of 1st period - Joe Pavelski wins face-off versus Travis Zajac in Jets zone.
5:18 of 1st period - Shot by Travis Zajac.
5:18 of 1st period - Shot Misses the Net.
5:20 of 1st period - Shot by Maxime Talbot.
5:20 of 1st period - Stopped by Cory Schneider without a rebound.
5:21 of 1st period - Henrik Sedin wins face-off versus Nick Bonino in Jets zone.
5:47 of 1st period - Matt Read is hit by Curtis Glencross and loses puck.
7:26 of 1st period - Shot by Boyd Gordon.
7:26 of 1st period - Shot Misses the Net.
7:38 of 1st period - Shot by Matt Read.
7:38 of 1st period - Stopped by Jaroslav Halak without a rebound.
7:39 of 1st period - Tomas Plekanec wins face-off versus Jamie Benn in Lightning zone.
7:47 of 1st period - Jason Chimera is hit by Connor Murphy and loses puck.
7:59 of 1st period - Tomas Plekanec is hit by Connor Murphy and loses puck.
8:10 of 1st period - Shot by Tomas Plekanec.
8:10 of 1st period - Shot Misses the Net.
8:43 of 1st period - Brent Seabrook is hit by Andre Benoit and loses puck.
9:04 of 1st period - Shot by Nick Bonino.
9:04 of 1st period - Stopped by Jaroslav Halak without a rebound.
9:05 of 1st period - Joe Pavelski wins face-off versus Maxim Lapierre in Lightning zone.
9:06 of 1st period - Shot by Corey Perry.
9:06 of 1st period - Shot Misses the Net.
9:08 of 1st period - Shot by Corey Perry.
9:08 of 1st period - Stopped by Jaroslav Halak with a rebound.
9:12 of 1st period - Shot by Corey Perry.
9:12 of 1st period - Shot Blocked by Luca Sbisa.
9:46 of 1st period - Shot by Corey Perry.
9:46 of 1st period - Stopped by Jaroslav Halak without a rebound.
9:47 of 1st period - Nick Bonino wins face-off versus Henrik Sedin in Lightning zone.
9:52 of 1st period - Shot by Matt Read.
9:52 of 1st period - Shot Misses the Net.
10:26 of 1st period - Shot by Nick Bonino.
10:26 of 1st period - Deflect By Josh Bailey.
10:26 of 1st period - Shot Misses the Net.
10:49 of 1st period - Minor Penalty to Troy Brouwer for Holding.
10:50 of 1st period - Tomas Plekanec wins face-off versus Boyd Gordon in Jets zone.
11:32 of 1st period - Icing by Andrej Sekera.
11:33 of 1st period - Boyd Gordon wins face-off versus Henrik Sedin in Lightning zone.
11:50 of 1st period - Shot by Andrej Sekera.
11:50 of 1st period - Goal by Andrej Sekera - Lightning : 1 - Jets : 0.
11:51 of 1st period - Travis Zajac wins face-off versus Joe Pavelski in neutral zone.
11:56 of 1st period - Corey Perry is hit by Maxime Talbot.
12:00 of 1st period - Shot by Jonathan Ericsson.
12:00 of 1st period - Stopped by Jaroslav Halak without a rebound.
12:01 of 1st period - Joe Pavelski wins face-off versus Tomas Plekanec in Lightning zone.
12:04 of 1st period - Shot by Kimmo Timonen.
12:04 of 1st period - Shot Misses the Net.
12:28 of 1st period - Shot by Jason Chimera.
12:28 of 1st period - Shot Misses the Net.
14:15 of 1st period - Shot by Matt Read.
14:15 of 1st period - Shot Misses the Net.
14:40 of 1st period - Minor Penalty to Connor Murphy for Holding.
14:41 of 1st period - Henrik Sedin wins face-off versus Boyd Gordon in Jets zone.
15:38 of 1st period - Shot by Erik Gudbranson.
15:38 of 1st period - Shot Hit the Post.
15:40 of 1st period - Shot by Maxime Talbot.
15:40 of 1st period - Shot Misses the Net.
15:42 of 1st period - Shot by Curtis Glencross.
15:42 of 1st period - Shot Misses the Net.
15:53 of 1st period - Shot by Andrej Meszaros.
15:53 of 1st period - Stopped by Cory Schneider without a rebound.
15:54 of 1st period - Tomas Plekanec wins face-off versus Boyd Gordon in Jets zone.
17:10 of 1st period - Corey Perry is hit by Erik Gudbranson and loses puck.
17:16 of 1st period - Travis Zajac is hit by Corey Perry.
17:42 of 1st period - Shot by Eric Fehr.
17:42 of 1st period - Stopped by Cory Schneider without a rebound.
17:43 of 1st period - Maxim Lapierre wins face-off versus Nick Bonino in Jets zone.
17:48 of 1st period - Shot by Eric Fehr.
17:48 of 1st period - Shot Misses the Net.
18:56 of 1st period - Shot by Henrik Sedin.
18:56 of 1st period - Shot Hit the Post.
18:58 of 1st period - Shot by Andrej Sekera.
18:58 of 1st period - Stopped by Cory Schneider without a rebound.
18:59 of 1st period - Joe Pavelski wins face-off versus Tomas Plekanec in Jets zone.
19:15 of 1st period - Jason Chimera is hit by Anders Lee and loses puck.
19:28 of 1st period - Shot by Joe Pavelski.
19:28 of 1st period - Stopped by Jaroslav Halak without a rebound.
19:29 of 1st period - Jamie Benn wins face-off versus Travis Zajac in Lightning zone.
19:50 of 1st period - Shot by Matt Moulson.
19:50 of 1st period - Stopped by Jaroslav Halak without a rebound.
19:51 of 1st period - Cam Atkinson wins face-off versus Joe Pavelski in Lightning zone.
19:55 of 1st period - Minor Penalty to Corey Perry for Roughing.
19:56 of 1st period - Boyd Gordon wins face-off versus Cam Atkinson in Jets zone.
Goals for this period are 1 for Lightning vs 0 for Jets.
Shots for this period are 8 for Lightning vs 9 for Jets.

2nd period


0:01 of 2nd period - Henrik Sedin wins face-off versus Boyd Gordon in neutral zone.
0:20 of 2nd period - Shot by Brent Seabrook.
0:20 of 2nd period - Deflect By Henrik Sedin.
0:20 of 2nd period - Stopped by Cory Schneider without a rebound.
0:21 of 2nd period - Tomas Plekanec wins face-off versus Boyd Gordon in Jets zone.
0:52 of 2nd period - Shot by Erik Gudbranson.
0:52 of 2nd period - Stopped by Cory Schneider without a rebound.
0:53 of 2nd period - Henrik Sedin wins face-off versus Boyd Gordon in Jets zone.
0:56 of 2nd period - Shot by Patrick Kane.
0:56 of 2nd period - Stopped by Cory Schneider without a rebound.
0:57 of 2nd period - Matt Read wins face-off versus Henrik Sedin in Jets zone.
2:10 of 2nd period - Shot by Christian Ehrhoff.
2:10 of 2nd period - Shot Hit the Post.
3:16 of 2nd period - Shot by Jamie Benn.
3:16 of 2nd period - Stopped by Jaroslav Halak with a rebound.
3:18 of 2nd period - Shot by Troy Brouwer.
3:18 of 2nd period - Deflect By Jamie Benn.
3:18 of 2nd period - Stopped by Jaroslav Halak with a rebound.
3:27 of 2nd period - Scott Hannan is hit by Connor Murphy and loses puck.
3:38 of 2nd period - Shot by Matt Moulson.
3:38 of 2nd period - Shot Misses the Net.
3:40 of 2nd period - Shot by Troy Brouwer.
3:40 of 2nd period - Stopped by Jaroslav Halak without a rebound.
3:41 of 2nd period - Henrik Sedin wins face-off versus Nick Bonino in Lightning zone.
3:48 of 2nd period - Icing by Jason Garrison.
3:49 of 2nd period - Henrik Sedin wins face-off versus Nick Bonino in Jets zone.
3:49 of 2nd period - Henrik Sedin is hit by Jonathan Ericsson.
4:25 of 2nd period - Icing by Brent Seabrook.
4:26 of 2nd period - Joe Pavelski wins face-off versus Henrik Sedin in Lightning zone.
4:26 of 2nd period - Joe Pavelski is hit by Andrej Sekera.
4:48 of 2nd period - Kimmo Timonen is hit by Brent Seabrook and loses puck.
6:24 of 2nd period - Jason Garrison is hit by Erik Gudbranson.
6:54 of 2nd period - Shot by Tomas Plekanec.
6:54 of 2nd period - Shot Blocked by Jason Garrison.
7:16 of 2nd period - Shot by Tomas Plekanec.
7:16 of 2nd period - Stopped by Cory Schneider without a rebound.
7:17 of 2nd period - Joe Pavelski wins face-off versus Maxim Lapierre in Jets zone.
7:29 of 2nd period - Brent Seabrook is hit by Anders Lee.
7:49 of 2nd period - Shot by Corey Perry.
7:49 of 2nd period - Shot Misses the Net.
8:11 of 2nd period - Icing by Curtis Glencross.
8:12 of 2nd period - Henrik Sedin wins face-off versus Jamie Benn in Lightning zone.
8:24 of 2nd period - Shot by Patrick Kane.
8:24 of 2nd period - Stopped by Cory Schneider without a rebound.
8:25 of 2nd period - Tomas Plekanec wins face-off versus Josh Bailey in Jets zone.
8:44 of 2nd period - Shot by Cam Atkinson.
8:44 of 2nd period - Stopped by Cory Schneider without a rebound.
8:45 of 2nd period - Curtis Glencross wins face-off versus Jamie Benn in Jets zone.
8:46 of 2nd period - Shot by Patrick Kane.
8:46 of 2nd period - Shot Blocked by Andre Benoit.
9:12 of 2nd period - Shot by Matt Moulson.
9:12 of 2nd period - Shot Misses the Net.
9:24 of 2nd period - Shot by Henrik Sedin.
9:24 of 2nd period - Shot Misses the Net.
9:26 of 2nd period - Shot by Erik Gudbranson.
9:26 of 2nd period - Stopped by Cory Schneider without a rebound.
9:27 of 2nd period - Joe Pavelski wins face-off versus Tomas Plekanec in Jets zone.
9:27 of 2nd period - Corey Perry is hit by Jason Chimera.
10:37 of 2nd period - Minor Penalty to Maxime Talbot for Hooking.
10:38 of 2nd period - Tomas Plekanec wins face-off versus Jamie Benn in Lightning zone.
11:04 of 2nd period - Off-side.
11:05 of 2nd period - Tomas Plekanec wins face-off versus Jamie Benn in neutral zone.
11:26 of 2nd period - Shot by Andre Benoit.
11:26 of 2nd period - Shot Misses the Net.
11:28 of 2nd period - Shot by Christian Ehrhoff.
11:28 of 2nd period - Stopped by Jaroslav Halak without a rebound.
11:29 of 2nd period - Joe Pavelski wins face-off versus Tomas Plekanec in Lightning zone.
11:38 of 2nd period - Shot by Kimmo Timonen.
11:38 of 2nd period - Shot Blocked by Erik Gudbranson.
11:40 of 2nd period - Shot by Joe Pavelski.
11:40 of 2nd period - Shot Blocked by Erik Gudbranson.
11:42 of 2nd period - Shot by Connor Murphy.
11:42 of 2nd period - Stopped by Jaroslav Halak without a rebound.
11:43 of 2nd period - Joe Pavelski wins face-off versus Cam Atkinson in Lightning zone.
12:02 of 2nd period - Shot by Anders Lee.
12:02 of 2nd period - Stopped by Jaroslav Halak with a rebound.
12:04 of 2nd period - Shot by Joe Pavelski.
12:04 of 2nd period - Stopped by Jaroslav Halak without a rebound.
12:05 of 2nd period - Tomas Plekanec wins face-off versus Jamie Benn in Lightning zone.
12:10 of 2nd period - Christian Ehrhoff is hit by Cam Atkinson and loses puck.
12:25 of 2nd period - Shot by Jamie Benn.
12:25 of 2nd period - Stopped by Jaroslav Halak without a rebound.
12:26 of 2nd period - Joe Pavelski wins face-off versus Henrik Sedin in Lightning zone.
14:16 of 2nd period - Christian Ehrhoff is hit by Maxime Talbot and loses puck.
15:13 of 2nd period - Shot by Patrick Kane.
15:13 of 2nd period - Stopped by Cory Schneider without a rebound.
15:14 of 2nd period - Nick Bonino wins face-off versus Tomas Plekanec in Jets zone.
15:19 of 2nd period - Jason Chimera is hit by Josh Bailey.
15:24 of 2nd period - Andrej Meszaros is hit by Nicklas Grossmann and loses puck.
15:27 of 2nd period - Shot by Tomas Plekanec.
15:27 of 2nd period - Stopped by Cory Schneider with a rebound.
15:33 of 2nd period - Shot by Cam Atkinson.
15:33 of 2nd period - Stopped by Cory Schneider without a rebound.
15:34 of 2nd period - Boyd Gordon wins face-off versus Henrik Sedin in Jets zone.
15:34 of 2nd period - Boyd Gordon is hit by Curtis Glencross.
15:39 of 2nd period - Minor Penalty to Brent Seabrook for Holding.
15:40 of 2nd period - Joe Pavelski wins face-off versus Tomas Plekanec in Lightning zone.
15:45 of 2nd period - Shot by Corey Perry.
15:45 of 2nd period - Shot Misses the Net.
15:47 of 2nd period - Shot by Kimmo Timonen.
15:47 of 2nd period - Shot Blocked by Andrej Meszaros.
15:53 of 2nd period - Shot by Joe Pavelski.
15:53 of 2nd period - Stopped by Jaroslav Halak without a rebound.
15:54 of 2nd period - Jamie Benn wins face-off versus Tomas Plekanec in Lightning zone.
15:55 of 2nd period - Shot by Kimmo Timonen.
15:55 of 2nd period - Stopped by Jaroslav Halak without a rebound.
15:56 of 2nd period - Tomas Plekanec wins face-off versus Joe Pavelski in Lightning zone.
16:15 of 2nd period - Shot by Joe Pavelski.
16:15 of 2nd period - Shot Misses the Net.
16:17 of 2nd period - Shot by Corey Perry.
16:17 of 2nd period - Stopped by Jaroslav Halak with a rebound.
16:19 of 2nd period - Shot by Connor Murphy.
16:19 of 2nd period - Stopped by Jaroslav Halak without a rebound.
16:20 of 2nd period - Jamie Benn wins face-off versus Tomas Plekanec in Lightning zone.
16:37 of 2nd period - Shot by Jamie Benn.
16:37 of 2nd period - Shot Blocked by Andrej Sekera.
16:39 of 2nd period - Shot by Matt Moulson.
16:39 of 2nd period - Shot Hit the Post.
16:41 of 2nd period - Shot by Christian Ehrhoff.
16:41 of 2nd period - Stopped by Jaroslav Halak without a rebound.
16:42 of 2nd period - Tomas Plekanec wins face-off versus Joe Pavelski in Lightning zone.
16:42 of 2nd period - Tomas Plekanec is hit by Anders Lee.
17:53 of 2nd period - Icing by Henrik Sedin.
17:54 of 2nd period - Troy Brouwer wins face-off versus Patrick Kane in Lightning zone.
17:55 of 2nd period - Shot by Matt Moulson.
17:55 of 2nd period - Shot Misses the Net.
18:24 of 2nd period - Off-side.
18:25 of 2nd period - Tomas Plekanec wins face-off versus Nick Bonino in neutral zone.
18:28 of 2nd period - Shot by Andrej Sekera.
18:28 of 2nd period - Stopped by Cory Schneider with a rebound.
18:33 of 2nd period - Icing by Matt Read.
18:34 of 2nd period - Jason Chimera wins face-off versus Nick Bonino in Jets zone.
19:58 of 2nd period - Shot by Joe Pavelski.
19:58 of 2nd period - Deflect By Anders Lee.
19:58 of 2nd period - Stopped by Jaroslav Halak without a rebound.
19:59 of 2nd period - Jamie Benn wins face-off versus Henrik Sedin in Lightning zone.
Goals for this period are 0 for Lightning vs 0 for Jets.
Shots for this period are 11 for Lightning vs 14 for Jets.

3rd period


0:01 of 3rd period - Joe Pavelski wins face-off versus Henrik Sedin in neutral zone.
0:31 of 3rd period - Shot by Patrick Kane.
0:31 of 3rd period - Shot Misses the Net.
1:05 of 3rd period - Shot by Andrej Meszaros.
1:05 of 3rd period - Shot Misses the Net.
1:23 of 3rd period - Shot by Tomas Plekanec.
1:23 of 3rd period - Shot Blocked by Christian Ehrhoff.
1:25 of 3rd period - Shot by Tomas Plekanec.
1:25 of 3rd period - Shot Blocked by Andre Benoit.
1:27 of 3rd period - Shot by Tomas Plekanec.
1:27 of 3rd period - Stopped by Cory Schneider without a rebound.
1:28 of 3rd period - Boyd Gordon wins face-off versus Maxim Lapierre in Jets zone.
1:51 of 3rd period - Icing by Nicklas Grossmann.
1:52 of 3rd period - Pascal Dupuis wins face-off versus Henrik Sedin in Jets zone.
2:09 of 3rd period - Shot by Curtis Glencross.
2:09 of 3rd period - Stopped by Cory Schneider without a rebound.
2:10 of 3rd period - Tomas Plekanec wins face-off versus Jamie Benn in Jets zone.
2:39 of 3rd period - Shot by Matt Moulson.
2:39 of 3rd period - Deflect By Jamie Benn.
2:39 of 3rd period - Stopped by Jaroslav Halak with a rebound.
2:41 of 3rd period - Shot by Jamie Benn.
2:41 of 3rd period - Stopped by Jaroslav Halak with a rebound.
3:08 of 3rd period - Andrej Meszaros is hit by Connor Murphy and loses puck.
3:21 of 3rd period - Andrej Sekera is hit by Corey Perry and loses puck.
3:30 of 3rd period - Shot by Patrick Kane.
3:30 of 3rd period - Deflect By Henrik Sedin.
3:30 of 3rd period - Shot Blocked by Connor Murphy.
3:32 of 3rd period - Shot by Brent Seabrook.
3:32 of 3rd period - Shot Misses the Net.
3:34 of 3rd period - Shot by Andrej Sekera.
3:34 of 3rd period - Stopped by Cory Schneider without a rebound.
3:34 of 3rd period - Minor Penalty to Kimmo Timonen for Hooking.
3:35 of 3rd period - Boyd Gordon wins face-off versus Henrik Sedin in Jets zone.
3:35 of 3rd period - Boyd Gordon is hit by Brent Seabrook.
3:55 of 3rd period - Shot by Andrej Sekera.
3:55 of 3rd period - Shot Blocked by Jonathan Ericsson.
4:15 of 3rd period - Shot by Curtis Glencross.
4:15 of 3rd period - Shot Misses the Net.
4:17 of 3rd period - Shot by Tomas Plekanec.
4:17 of 3rd period - Deflect By Curtis Glencross.
4:17 of 3rd period - Shot Blocked by Connor Murphy.
4:31 of 3rd period - Shot by Andrej Meszaros.
4:31 of 3rd period - Stopped by Cory Schneider without a rebound.
4:32 of 3rd period - Henrik Sedin wins face-off versus Jamie Benn in Jets zone.
4:33 of 3rd period - Shot by Andrej Sekera.
4:33 of 3rd period - Shot Misses the Net.
4:35 of 3rd period - Shot by Andrej Sekera.
4:35 of 3rd period - Stopped by Cory Schneider with a rebound.
4:37 of 3rd period - Shot by Andrej Sekera.
4:37 of 3rd period - Shot Misses the Net.
4:39 of 3rd period - Shot by Andrej Sekera.
4:39 of 3rd period - Shot Misses the Net.
4:41 of 3rd period - Shot by Brent Seabrook.
4:41 of 3rd period - Shot Misses the Net.
4:43 of 3rd period - Shot by Henrik Sedin.
4:43 of 3rd period - Stopped by Cory Schneider with a rebound.
4:45 of 3rd period - Shot by Brent Seabrook.
4:45 of 3rd period - Goal by Brent Seabrook - Lightning : 2 - Jets : 0.
4:46 of 3rd period - Corey Perry wins face-off versus Maxim Lapierre in neutral zone.
5:11 of 3rd period - Shot by Maxime Talbot.
5:11 of 3rd period - Shot Misses the Net.
5:19 of 3rd period - Icing by Jonathan Ericsson.
5:20 of 3rd period - Patrick Kane wins face-off versus Joe Pavelski in Jets zone.
5:26 of 3rd period - Icing by Jason Garrison.
5:27 of 3rd period - Henrik Sedin wins face-off versus Joe Pavelski in Jets zone.
5:46 of 3rd period - Shot by Patrick Kane.
5:46 of 3rd period - Shot Misses the Net.
5:48 of 3rd period - Shot by Henrik Sedin.
5:48 of 3rd period - Shot Blocked by Jonathan Ericsson.
6:23 of 3rd period - Off-side.
6:24 of 3rd period - Tomas Plekanec wins face-off versus Jamie Benn in neutral zone.
6:45 of 3rd period - Shot by Tomas Plekanec.
6:45 of 3rd period - Deflect By Jason Chimera.
6:45 of 3rd period - Stopped by Cory Schneider without a rebound.
6:46 of 3rd period - Travis Zajac wins face-off versus Nick Bonino in Jets zone.
6:53 of 3rd period - Shot by Matt Read.
6:53 of 3rd period - Shot Misses the Net.
7:56 of 3rd period - Shot by Jamie Benn.
7:56 of 3rd period - Stopped by Jaroslav Halak without a rebound.
7:57 of 3rd period - Henrik Sedin wins face-off versus Joe Pavelski in Lightning zone.
7:57 of 3rd period - Henrik Sedin is hit by Corey Perry.
8:12 of 3rd period - Shot by Joe Pavelski.
8:12 of 3rd period - Goal by Joe Pavelski - Lightning : 2 - Jets : 1.
8:13 of 3rd period - Jamie Benn wins face-off versus Tomas Plekanec in neutral zone.
8:22 of 3rd period - Shot by Matt Moulson.
8:22 of 3rd period - Stopped by Jaroslav Halak with a rebound.
8:36 of 3rd period - Connor Murphy is hit by Jason Chimera and loses puck.
8:43 of 3rd period - Shot by Jason Chimera.
8:43 of 3rd period - Deflect By Tomas Plekanec.
8:43 of 3rd period - Stopped by Cory Schneider without a rebound.
8:44 of 3rd period - Joe Pavelski wins face-off versus Henrik Sedin in Jets zone.
9:15 of 3rd period - Shot by Patrick Kane.
9:15 of 3rd period - Shot Misses the Net.
9:17 of 3rd period - Shot by Patrick Kane.
9:17 of 3rd period - Shot Misses the Net.
9:30 of 3rd period - Henrik Sedin is hit by Andre Benoit and loses puck.
9:49 of 3rd period - Shot by Matt Moulson.
9:49 of 3rd period - Stopped by Jaroslav Halak without a rebound.
9:50 of 3rd period - Jamie Benn wins face-off versus Maxim Lapierre in Lightning zone.
9:51 of 3rd period - Shot by Troy Brouwer.
9:51 of 3rd period - Stopped by Jaroslav Halak without a rebound.
9:52 of 3rd period - Jamie Benn wins face-off versus Tomas Plekanec in Lightning zone.
10:03 of 3rd period - Shot by Troy Brouwer.
10:03 of 3rd period - Shot Blocked by Andrej Meszaros.
10:11 of 3rd period - Shot by Andrej Meszaros.
10:11 of 3rd period - Stopped by Cory Schneider without a rebound.
10:12 of 3rd period - Boyd Gordon wins face-off versus Maxime Talbot in Jets zone.
10:12 of 3rd period - Boyd Gordon is hit by Maxim Lapierre.
10:22 of 3rd period - Shot by Matt Read.
10:22 of 3rd period - Goal by Matt Read - Lightning : 2 - Jets : 2.
10:23 of 3rd period - Henrik Sedin wins face-off versus Matt Moulson in neutral zone.
10:34 of 3rd period - Shot by Matt Moulson.
10:34 of 3rd period - Shot Misses the Net.
10:38 of 3rd period - Shot by Kimmo Timonen.
10:38 of 3rd period - Shot Misses the Net.
10:40 of 3rd period - Shot by Matt Moulson.
10:40 of 3rd period - Stopped by Jaroslav Halak without a rebound.
10:41 of 3rd period - Tomas Plekanec wins face-off versus Joe Pavelski in Lightning zone.
10:41 of 3rd period - Tomas Plekanec is hit by Anders Lee.
11:00 of 3rd period - Joe Pavelski is hit by Brent Seabrook and loses puck.
11:09 of 3rd period - Shot by Corey Perry.
11:09 of 3rd period - Shot Misses the Net.
11:14 of 3rd period - Corey Perry is hit by Brent Seabrook and loses puck.
11:19 of 3rd period - Shot by Corey Perry.
11:19 of 3rd period - Stopped by Jaroslav Halak without a rebound.
11:20 of 3rd period - Jamie Benn wins face-off versus Henrik Sedin in Lightning zone.
11:21 of 3rd period - Shot by Matt Moulson.
11:21 of 3rd period - Shot Misses the Net.
11:36 of 3rd period - Minor Penalty to Erik Gudbranson for Boarding.
11:37 of 3rd period - Tomas Plekanec wins face-off versus Joe Pavelski in Lightning zone.
11:47 of 3rd period - Icing by Joe Pavelski.
11:48 of 3rd period - Tomas Plekanec wins face-off versus Joe Pavelski in Jets zone.
12:03 of 3rd period - Shot by Anders Lee.
12:03 of 3rd period - Deflect By Joe Pavelski.
12:03 of 3rd period - Stopped by Jaroslav Halak without a rebound.
12:04 of 3rd period - Tomas Plekanec wins face-off versus Matt Moulson in Lightning zone.
12:17 of 3rd period - Off-side.
12:18 of 3rd period - Tomas Plekanec wins face-off versus Anders Lee in neutral zone.
12:39 of 3rd period - Shot by Connor Murphy.
12:39 of 3rd period - Stopped by Jaroslav Halak without a rebound.
12:40 of 3rd period - Jamie Benn wins face-off versus Tomas Plekanec in Lightning zone.
12:59 of 3rd period - Shot by Andre Benoit.
12:59 of 3rd period - Shot Misses the Net.
13:01 of 3rd period - Shot by Andre Benoit.
13:01 of 3rd period - Shot Misses the Net.
13:03 of 3rd period - Shot by Andre Benoit.
13:03 of 3rd period - Stopped by Jaroslav Halak without a rebound.
13:04 of 3rd period - Travis Zajac wins face-off versus Joe Pavelski in Lightning zone.
13:19 of 3rd period - Shot by Connor Murphy.
13:19 of 3rd period - Shot Misses the Net.
13:21 of 3rd period - Shot by Kimmo Timonen.
13:21 of 3rd period - Shot Misses the Net.
13:23 of 3rd period - Shot by Connor Murphy.
13:23 of 3rd period - Stopped by Jaroslav Halak without a rebound.
13:24 of 3rd period - Tomas Plekanec wins face-off versus Jamie Benn in Lightning zone.
13:24 of 3rd period - Minor Penalty to Troy Brouwer for Hooking.
13:25 of 3rd period - Patrick Kane wins face-off versus Joe Pavelski in Jets zone.
13:28 of 3rd period - Shot by Maxime Talbot.
13:28 of 3rd period - Stopped by Cory Schneider without a rebound.
13:29 of 3rd period - Patrick Kane wins face-off versus Joe Pavelski in Jets zone.
13:36 of 3rd period - Shot by Brent Seabrook.
13:36 of 3rd period - Stopped by Cory Schneider without a rebound.
13:37 of 3rd period - Henrik Sedin wins face-off versus Boyd Gordon in Jets zone.
13:42 of 3rd period - Shot by Andrej Sekera.
13:42 of 3rd period - Stopped by Cory Schneider without a rebound.
13:43 of 3rd period - Boyd Gordon wins face-off versus Henrik Sedin in Jets zone.
14:17 of 3rd period - Shot by Brent Seabrook.
14:17 of 3rd period - Stopped by Cory Schneider with a rebound.
14:19 of 3rd period - Shot by Brent Seabrook.
14:19 of 3rd period - Stopped by Cory Schneider without a rebound.
14:20 of 3rd period - Boyd Gordon wins face-off versus Curtis Glencross in Jets zone.
14:20 of 3rd period - Boyd Gordon is hit by Jason Chimera.
15:29 of 3rd period - Shot by Eric Fehr.
15:29 of 3rd period - Stopped by Cory Schneider without a rebound.
15:30 of 3rd period - Jamie Benn wins face-off versus Travis Zajac in Jets zone.
15:32 of 3rd period - Minor Penalty to Teddy Purcell for Tripping.
15:33 of 3rd period - Corey Perry wins face-off versus Tomas Plekanec in Lightning zone.
15:36 of 3rd period - Shot by Corey Perry.
15:36 of 3rd period - Shot Misses the Net.
15:38 of 3rd period - Shot by Joe Pavelski.
15:38 of 3rd period - Goal by Joe Pavelski - Lightning : 2 - Jets : 3.
15:39 of 3rd period - Joe Pavelski wins face-off versus Maxim Lapierre in neutral zone.
15:52 of 3rd period - Off-side.
15:53 of 3rd period - Henrik Sedin wins face-off versus Jamie Benn in neutral zone.
16:02 of 3rd period - Shot by Jamie Benn.
16:02 of 3rd period - Stopped by Jaroslav Halak with a rebound.
16:04 of 3rd period - Shot by Matt Moulson.
16:04 of 3rd period - Stopped by Jaroslav Halak without a rebound.
16:05 of 3rd period - Tomas Plekanec wins face-off versus Joe Pavelski in Lightning zone.
16:09 of 3rd period - Off-side.
16:10 of 3rd period - Joe Pavelski wins face-off versus Henrik Sedin in neutral zone.
16:16 of 3rd period - Minor Penalty to Anders Lee for High sticking.
16:17 of 3rd period - Boyd Gordon wins face-off versus Patrick Kane in Jets zone.
16:41 of 3rd period - Icing by Henrik Sedin.
16:42 of 3rd period - Boyd Gordon wins face-off versus Henrik Sedin in Lightning zone.
16:45 of 3rd period - Shot by Matt Read.
16:45 of 3rd period - Stopped by Jaroslav Halak without a rebound.
16:46 of 3rd period - Curtis Glencross wins face-off versus Boyd Gordon in Lightning zone.
16:59 of 3rd period - Shot by Erik Gudbranson.
16:59 of 3rd period - Shot Misses the Net.
17:19 of 3rd period - Shot by Curtis Glencross.
17:19 of 3rd period - Shot Misses the Net.
17:21 of 3rd period - Shot by Andrej Meszaros.
17:21 of 3rd period - Shot Misses the Net.
18:18 of 3rd period - Patrick Kane is hit by Christian Ehrhoff and loses puck.
18:25 of 3rd period - Shot by Joe Pavelski.
18:25 of 3rd period - Shot Misses the Net.
18:27 of 3rd period - Shot by Christian Ehrhoff.
18:27 of 3rd period - Shot Blocked by Scott Hannan.
18:29 of 3rd period - Shot by Corey Perry.
18:29 of 3rd period - Shot Misses the Net.
18:35 of 3rd period - Shot by Joe Pavelski.
18:35 of 3rd period - Shot Misses the Net.
18:48 of 3rd period - Off-side.
18:49 of 3rd period - Henrik Sedin wins face-off versus Jamie Benn in neutral zone.
19:04 of 3rd period - Shot by Matt Moulson.
19:04 of 3rd period - Shot Blocked by Andrej Sekera.
19:06 of 3rd period - Shot by Jonathan Ericsson.
19:06 of 3rd period - Shot Misses the Net.
19:10 of 3rd period - Shot by Matt Moulson.
19:10 of 3rd period - Shot Blocked by Andrej Sekera.
19:12 of 3rd period - Shot by Troy Brouwer.
19:12 of 3rd period - Shot Misses the Net.
19:14 of 3rd period - Shot by Jamie Benn.
19:14 of 3rd period - Shot Misses the Net.
19:22 of 3rd period - Shot by Jamie Benn.
19:22 of 3rd period - Shot Blocked by Andrej Sekera.
Goals for this period are 1 for Lightning vs 3 for Jets.
Shots for this period are 16 for Lightning vs 18 for Jets.


Output by the SimonT Hockey Simulator (STHS) for Stephane Roy -- Original Page W3C XHTML 1.0 Valid
Hockey Simulator - Hockey Simulation - Hockey Manager